 Dungeon Crawl Stone Soup version 0.24.1-4-ge52af88ad5 (webtiles) character file.

Game seed: 11315272157669941261, levelgen mode: deterministic

2292 markt42 the Basher (level 9, -7/53 HPs)
             Began as a Gargoyle Fighter on Apr 20, 2020.
             Was a Priest of Okawaru.
             Mangled by an orc warrior
             ... wielding a +0 mace
              (9 damage)
             ... on level 7 of the Dungeon.
             The game lasted 00:11:19 (7742 turns).

markt42 the Basher (Gargoyle Fighter)               Turns: 7742, Time: 00:11:19

Health: -7/53      AC: 24    Str: 23      XL:     9   Next: 40%
Magic:  9/9        EV:  5    Int:  1 (9)  God:    Okawaru [***...]
Gold:   413        SH: 10    Dex:  9      Spells: 8/8 levels left

rFire    . . .     SeeInvis .   a - +0 flail
rCold    + . .     Gourm    .   c - +0 shield
rNeg     + . .     Faith    +   m - +0 plate armour
rPois    ∞         Spirit   .   (no helmet)
rElec    +         Reflect  .   (no cloak)
rCorr    .         Harm     .   k - +0 pair of gloves
MR       .....                  (no boots)
Stlth    ..........             j - amulet of faith
HPRegen  0.17/turn              e - +2 ring of protection
MPRegen  0.11/turn              u - ring of protection from cold

@: no status effects
A: big wings, hooves 1, rugged brown scales 1, negative energy resistance 1,
electricity resistance, unbreathing, petrification resistance, rot immunity, AC
+6
a: Fly, Heroism, Renounce Religion


You were on level 7 of the Dungeon.
You worshipped Okawaru.
Okawaru was most pleased with you.
You were not hungry.

You visited 2 branches of the dungeon, and saw 8 of its levels.
You also visited: Sewer.

You collected 413 gold pieces.

Inventory:

Hand Weapons
 a - a +0 flail (weapon)
Armour
 c - a +0 shield (worn)
 k - a +0 pair of gloves (worn)
 m - a +0 plate armour (worn)
Jewellery
 e - a +2 ring of protection (left hand)
 j - an amulet of faith (around neck)
 u - a ring of protection from cold (right hand)
Wands
 g - a wand of polymorph (6)
 r - a wand of random effects (18)
 z - a wand of flame (26)
 D - a wand of iceblast (11)
Scrolls
 b - a scroll of brand weapon
 h - 2 scrolls of random uselessness
 p - 4 scrolls of remove curse
 s - a scroll of fog
 v - a scroll of identify
 x - a scroll of magic mapping {unknown}
 y - a scroll of amnesia {unknown}
 C - a scroll of immolation {unknown}
 G - a scroll of enchant weapon {unknown}
Potions
 q - a potion of brilliance
 t - 2 potions of flight
Comestibles
 f - 7 rations


   Skills:
 + Level 4.6 Fighting
 * Level 8.4 Maces & Flails
 * Level 7.7 Armour
 + Level 1.0 Dodging
 + Level 0.4 Stealth
 + Level 6.8 Shields
 + Level 0.1 Evocations


You had 8 spell levels left.
You didn't know any spells.
Your spell library contained the following spells:

 Spells                   Type           Power        Failure   Level  Hunger
 Summon Small Mammal      Summ           #...         100%        1    ##.....
 Call Imp                 Summ           #.......     100%        2    ###....
 Call Canine Familiar     Summ           #.......     100%        3    ####...
 Summon Guardian Golem    Hex/Summ       #.......     100%        3    ####...
 Summon Ice Beast         Ice/Summ       #.......     100%        4    #####..
 Summon Lightning Spire   Summ/Air       #.......     100%        4    #####..


Dungeon Overview and Level Annotations

Branches:
Dungeon (7/15)             Temple (1/1) D:5           Sewer (visited)

Altars:
Ashenzari
Cheibriados
Dithmenos
Elyvilon
Fedhas
Gozag
Hepliaklqana
Kikubaaqudgha
Makhleb
Nemelex Xobeh
Okawaru
Qazlal
Ru
Sif Muna
Trog
Uskayaw
Vehumet
Wu Jian
Xom
Zin
The Shining One

Shops:
D:5 :

Annotations:
D:7 1 runed translucent door, exclusion: 3 orange crystal statues


Innate Abilities, Weirdness & Mutations

You are resistant to torment.
Your stone body is resilient. (AC +6)
You are immune to poison.
You resist negative energy. (rN+)
You are resistant to electric shocks. (rElec)
You can survive without breathing.
You are immune to petrification.
You are immune to rotting.
Your large and strong wings let you fly indefinitely.
You have large cloven feet.
You are partially covered in rugged brown scales. (AC +1, +3% HP)


Message History

The adder bites you but does no damage. The orc hits you but does no damage.
The adder barely misses you. You block the orc warrior's attack.
The shadow strikes at you from the darkness!
Reactivating autopickup.
You block the adder's attack.
You thump the orc warrior!
The orc warrior is moderately wounded.
You block the orc warrior's attack. The adder bites you but does no damage.
You block the shadow's attack.
You hit the orc warrior but do no damage.
The orc warrior is moderately wounded.
The adder bites you but does no damage.
The orc warrior hits you with a +0 mace.
* * * LOW HITPOINT WARNING * * *
The shadow hits you.
You hit the orc warrior. You kick the orc warrior.
The orc warrior is heavily wounded.
The adder bites you but does no damage. The shadow barely misses you.
The orc warrior hits you with a +0 mace!
You die...

............###................
.............#.......#..#c....
...........#.'O.oo....##oO....
###.[.....#.oo.......##[oW...
#####......S###a......#..#.....
#..........o# #................
#.?.?.......# #................
#...........####...............
#####......ooW@##..............
#####...SSo###............#
#.....a# ##..........##
#......# ##........## #......#
########## #......# #......#
#......#


You could see an orc warrior, a shadow, a worker ant, 2 adders and 2 orcs.

Vanquished Creatures
  An orange crystal statue (D:7)
  An ice beast (D:7)
  A phantom (D:5)
  A bullfrog (D:7)
  A big kobold (Sewer)
  2 scorpions
  4 killer bees (D:7)
  3 howler monkeys
  5 crimson imps
  3 bullfrog zombies
  3 hounds
  A bullfrog skeleton (D:5)
  A jelly (D:6)
  4 orc priests
  5 orc wizards
  2 centaur skeletons
  2 iguanas (D:6)
  4 worker ants
  A worker ant zombie (D:7)
  A howler monkey skeleton (D:4)
  3 gnolls (D:3)
  A river rat (Sewer)
  7 adders
  A shadow imp (D:6)
  2 oozes
  3 adder skeletons
  3 worms
  3 dart slugs
  5 leopard geckos
  19 orcs
  4 giant cockroaches
  7 hobgoblins
  11 jackals
  4 quokkas
  A ball python (D:6)
  8 bats
  4 frilled lizards
  7 goblins
  4 kobolds
  A quokka skeleton (D:6)
  10 rats
154 creatures vanquished.

Notes
Turn   | Place    | Note
-------+----------+-------------------------------------------
     0 | D:1      | markt42 the Gargoyle Fighter began the quest for the Orb.
     0 | D:1      | Reached XP level 1. HP: 14/14 MP: 1/1
   230 | D:1      | Reached XP level 2. HP: 7/19 MP: 2/2
   836 | D:1      | Reached XP level 3. HP: 19/23 MP: 3/3
  1314 | D:2      | Found a shimmering altar of Xom.
  1684 | D:2      | Reached XP level 4. HP: 21/28 MP: 4/4
  1689 | D:2      | Found an ornate altar of the Wu Jian Council.
  1962 | D:3      | Reached skill level 3 in Maces & Flails
  2151 | D:3      | Reached XP level 5. HP: 25/32 MP: 5/5
  2974 | D:4      | Reached skill level 4 in Maces & Flails
  2996 | D:4      | Reached XP level 6. HP: 30/37 MP: 6/6
  3076 | D:4      | Found a sacrificial altar of Ru.
  3076 | D:4      | Found a radiant altar of Vehumet.
  3122 | D:4      | Reached skill level 5 in Armour
  3169 | D:4      | You fall into a shaft and drop 1 floor!
  3169 | D:5      | Entered Level 5 of the Dungeon
  3170 | D:5      | Noticed a phantom
  3201 | D:5      | Killed a phantom
  3201 | D:5      | Reached skill level 5 in Maces & Flails
  3201 | D:5      | Reached XP level 7. HP: 27/42 MP: 7/7
  3209 | D:5      | Reached skill level 5 in Shields
  3397 | D:4      | Found a hide-covered altar of Uskayaw.
  4016 | D:5      | Found Zemum's Book Shop.
  4103 | D:5      | Found an opulent altar of Gozag.
  4337 | D:5      | Reached XP level 8. HP: 46/48 MP: 8/8
  4353 | D:5      | Reached skill level 6 in Maces & Flails
  4380 | D:5      | Found a staircase to the Ecumenical Temple.
  4942 | Temple   | Entered the Ecumenical Temple
  5267 | D:5      | Found a white marble altar of Elyvilon.
  5476 | D:6      | Found a burning altar of Makhleb.
  5476 | D:6      | Found an ancient bone altar of Kikubaaqudgha.
  5476 | D:6      | Found an iron altar of Okawaru.
  5478 | D:6      | Found a stormy altar of Qazlal.
  5479 | D:6      | Found a glowing silver altar of Zin.
  5484 | D:6      | Became a worshipper of Warmaster Okawaru
  5816 | D:6      | Found a glowing drain.
  5835 | Sewer    | Entered a sewer
  5916 | Sewer    | Reached skill level 7 in Maces & Flails
  5973 | Sewer    | Found a white marble altar of Elyvilon.
  6041 | Sewer    | Gained mutation: Your large and strong wings let you fly
                  | indefinitely. [potion of mutation]
  6041 | Sewer    | Gained mutation: You are agile. (Dex +2) [potion of
                  | mutation]
  6643 | D:7      | Reached * piety under Okawaru
  6681 | D:7      | Found a runed translucent door.
  6688 | D:7      | Found the +10 large shield of Ignorance {rN+ Int-4}
  6693 | D:7      | Found a runed translucent door.
  6711 | D:7      | Noticed an orange crystal statue
  6724 | D:7      | Lost mutation: You are agile. (Dex +2) [potion of mutation]
  6724 | D:7      | Lost mutation: Your large and strong wings let you fly
                  | indefinitely. [potion of mutation]
  6724 | D:7      | Gained mutation: You are partially covered in rugged brown
                  | scales. (AC +1, +3% HP) [potion of mutation]
  6724 | D:7      | Gained mutation: Your large and strong wings let you fly
                  | indefinitely. [potion of mutation]
  6724 | D:7      | Gained mutation: You have large cloven feet. [potion of
                  | mutation]
  6729 | D:7      | Noticed an orange crystal statue
  6729 | D:7      | Noticed an orange crystal statue
  6729 | D:7      | Noticed an orange crystal statue
  6730 | D:7      | Noticed a hippogriff
  6761 | D:7      | Killed an orange crystal statue
  6761 | D:7      | Reached ** piety under Okawaru
  6761 | D:7      | Reached skill level 8 in Maces & Flails
  6761 | D:7      | Reached XP level 9. HP: 52/53 MP: 0/9
  7161 | D:7      | Reached *** piety under Okawaru
  7333 | D:7      | Reached skill level 1 in Dodging
  7628 | D:7      | Noticed a two-headed ogre
  7741 | D:7      | HP: 2/53 [orc warrior/+0 mace (2)]
  7742 | D:7      | Mangled by an orc warrior

Levels and vault maps discovered:
D:1:      minmay_arrival_four_houses, layout_basic
D:2:      layout_loops_cross, lemuel_coloured_pillars_altar, xom_teletrap_fun
D:3:      layout_basic, first_ration
D:4:      layout_loops_ring, eat_drink_and_be_merry_uskayaw,
          gammafunk_temple_overflow_elements
D:5:      layout_layer_cave, lemuel_round_altar, grunt_gozag_breadcrumbs,
          minmay_temple_entry_trees, serial_shops, nicolae_shop_statue_plus
D:6:      layout_loops_ring, grunt_temple_overflow_open,
          cheibrodos_sewer_entry_sluice
D:7:      kennysheep_big_flooded_room, layout_basic,
          chequers_guarded_unrand_ignorance
Temple:   dpeg_chambers_temple

Skill      XL: |  1  2  3  4  5  6  7  8  9 |
---------------+----------------------------+-----
Armour         | 4 5 7 |  7.7
Maces & Flails | 3 4 5 8 |  8.4
Shields        | 4 5 6 |  6.8
Fighting       | 4 |  4.6
Dodging        | 1 |  1.0
Stealth        | |  0.4
Evocations     | |  0.1

Action                   |  1- 3 |  4- 6 |  7- 9 || total
-------------------------+-------+-------+-------++-------
Melee: Flail             |   172 |   244 |   566 ||   982
       Kick              |       |       |    34 ||    34
 Abil: Fly               |       |       |     1 ||     1
Evoke: Wand              |       |     4 |     6 ||    10
  Use: Potion            |       |     1 |    21 ||    22
       Scroll            |       |       |     6 ||     6
  Eat: Chunk             |     2 |     5 |    11 ||    18
       Ration            |       |       |     2 ||     2
Armor: Scale mail        |    62 |       |       ||    62
       Plate armour      |    45 |   251 |   504 ||   800
Dodge: Dodged            |    62 |    62 |   177 ||   301
Block: Shield            |    88 |   180 |   368 ||   636
